 Dungeon Crawl Stone Soup version 0.22-a0-558-gc224181 (webtiles) character file.

26 iamserjio the Chopper (level 2, -9/25 HPs)
             Began as a Minotaur Skald on June 27, 2018.
             Mangled by a worm (10 damage)
             ... on level 2 of the Dungeon.
             The game lasted 00:01:08 (150 turns).

iamserjio the Chopper (Minotaur Skald)               Turns: 150, Time: 00:01:08

Health: -9/25      AC:  3    Str: 15    XL:     2   Next: 89%
Magic:  3/3        EV: 12    Int: 10    God:
Gold:   23         SH:  0    Dex:  9    Spells: 2/3 levels left

rFire    . . .     SeeInvis .   a - +0 hand axe
rCold    . . .     Gourm    .   (no shield)
rNeg     . . .     Faith    .   b - +0 leather armour
rPois    .         Spirit   .   (helmet restricted)
rElec    .         Reflect  .   (no cloak)
rCorr    .         Harm     .   (no gloves)
MR       .....                  (no boots)
Stlth    +.........             (no amulet)
HPRegen  0.08/turn              (no ring)
MPRegen  0.08/turn              (no ring)

@: no status effects
A: retaliatory headbutt, horns 2
a: no special abilities


You were on level 2 of the Dungeon.
You were not hungry.

You visited 1 branch of the dungeon, and saw 2 of its levels.

You collected 23 gold pieces.

Inventory:

Hand Weapons
 a - a +0 hand axe (weapon)
Armour
 b - a +0 leather armour (worn)
Scrolls
 e - a scroll of teleportation {unknown}
 f - a scroll of immolation {unknown}
Potions
 c - a potion of haste {unknown}
Comestibles
 d - 2 rations


   Skills:
 + Level 2.9 Fighting
 * Level 3.4 Axes
 + Level 2.0 Armour
 - Level 2.1 Dodging
 - Level 1.3 Spellcasting
 - Level 2.0 Charms


You had 2 spell levels left.
You knew the following spells:

 Your Spells              Type           Power        Failure   Level  Hunger
a - Infusion              Chrm           #...         19%         1    ##.....

Your spell library contained the following spells:

 Spells                   Type           Power        Failure   Level  Hunger
 Regeneration             Chrm/Necr      #.........   63%         3    ####...
 Shroud of Golubria       Chrm/Tloc      #.........   38%         2    ###....
 Song of Slaying          Chrm           #.......     26%         2    ###....
 Spectral Weapon          Hex/Chrm       #.......     63%         3    ####...


Dungeon Overview and Level Annotations

Branches:
Dungeon (2/15)

Altars:


Innate Abilities, Weirdness & Mutations

You reflexively headbutt those who attack you in melee.
You have a pair of horns on your head.


Message History

You kill the ooze!
Your Armour skill increases to level 2!
You hit the worm.
The worm is lightly wounded.
You barely miss the worm.
The worm is lightly wounded.
The worm completely misses you.
You barely miss the worm. You headbutt the worm.
The worm is moderately wounded.
The worm bites you.
You hit the worm.
The worm is heavily wounded.
The worm bites you!
* * * LOW HITPOINT WARNING * * *
You hit the worm. You headbutt the worm!
The worm is almost dead.
You hit the worm but do no damage.
The worm is almost dead.
The worm bites you!
You die...

#.#####...............
#...........#####.####
#..####.#.### #.# .
#.#.# #.# .##. #.#.#
#.# ....####.#.# #..
#.....#.# ##. ##....#
. #.@w.# ###....#
(#..## .##.# .. .# ..
.. #.. ... ##


You could see a worm.

Vanquished Creatures
  An ooze (D:2)
  2 dart slugs
  A bat (D:1)
  A hobgoblin (D:2)
  4 frilled lizards
  A goblin (D:1)
  14 rats (D:1)
24 creatures vanquished.

Notes
Turn   | Place    | Note
-------+----------+-------------------------------------------
     0 | D:1      | iamserjio the Minotaur Skald began the quest for the Orb.
     0 | D:1      | Reached XP level 1. HP: 18/18 MP: 1/1
    23 | D:1      | Reached skill level 3 in Axes
    23 | D:1      | Reached XP level 2. HP: 20/25 MP: 3/3
   148 | D:2      | HP: 1/25 [worm (8)]
   150 | D:2      | Mangled by a worm

Vault maps used:
D:1:      erik_arrival_orb_chamber
D:2:      overflow_temple_1_default, kennysheep_boxes

Skill      XL: |  1  2 |
---------------+-------+-----
Axes           | 3 |  3.4
Armour         | 2 |  2.0
Fighting       | |  2.9
Dodging        | |  2.1
Spellcasting   | |  1.3
Charms         | |  2.0

Action                   || total
-------------------------++-------
Melee: Hand axe          ||    46
       Headbutt          ||     7
Armor: Leather armour    ||     9
Dodge: Dodged            ||    28

Table legend:
 A = Spawn XP
 B = Non-spawn XP
 C = Spawn XP percentage of total XP
 D = Spawn monster count
 E = Non-spawn monster count
 F = Spawn count percentage of total count
 G = Total turns spent on level
                    A         B        C        D         E        F      G
               +---------+---------+-------+---------+---------+-------+---------
         Total |       0 |      38 |   0.0 |       0 |      24 |   0.0 |   150
               +---------+---------+-------+---------+---------+-------+---------
           D:1 |       0 |      23 |   0.0 |       0 |      19 |   0.0 |    94
           D:2 |       0 |      15 |   0.0 |       0 |       5 |   0.0 |    56
               +---------+---------+-------+---------+---------+-------+---------
